 Dungeon Crawl Stone Soup version 0.32-a0-953-g508020473e (webtiles) character file.

Game seed: 17090578361122932933

310 zenocrate the Slasher (level 6, -1/42 HPs)
             Began as an Octopode Fighter on Apr 16, 2024.
             Slain by EvilEddieB's ghost (4 damage)
             ... on level 3 of the Dungeon.
             The game lasted 00:03:52 (2601 turns).

zenocrate the Slasher (Octopode Fighter)            Turns: 2601, Time: 00:03:53

Health: -1/42      AC:  1    Str: 16    XL:     6   Next: 41%
Magic:  6/6        EV: 12    Int: 10    God:
Gold:   164        SH:  4    Dex: 13    Spells: 0/5 levels left

rFire   . . .        a - +0 long sword
rCold   . . .        b - +0 buckler
rNeg    . . .        (helmet restricted)
rPois   .            (no amulet)
rElec   .            o - +4 ring of slaying
rCorr   .            n - ring of flight
SInv    .            (no ring)
Will    .....        (no ring)
Stlth   ++           (no ring)
HPRegen 0.27/turn    (no ring)
MPRegen 0.10/turn    (no ring)
                     (no ring)

%: no passive effects
@: flying, invisible
A: almost no armour, amphibious, 8 rings, camouflage 1, gelatinous body 1,
(nimble swimmer 1), tentacles
a: no special abilities


You were on level 3 of the Dungeon.
You visited 1 branch of the dungeon, and saw 3 of its levels.
You also visited: Sewer.

You collected 164 gold pieces.

Inventory:

Hand Weapons
 a - a +0 long sword (weapon)
Missiles
 h - 3 atropa-tipped darts
 p - 6 poisoned darts (quivered)
Armour
 b - a +0 buckler (worn)
Jewellery
 n - a ring of flight (right tentacle)
 o - a +4 ring of slaying (left tentacle)
Scrolls
 d - a scroll of teleportation {unknown}
 f - 2 scrolls of summoning {unknown}
 g - a scroll of fear {unknown}
 k - a scroll of noise {unknown}
 l - a scroll of enchant armour {unknown}
 m - a scroll of vulnerability {unknown}
Potions
 c - 2 potions of might
 e - a potion of enlightenment
 i - a potion of ambrosia
 j - a potion of invisibility
 q - a potion of haste {unknown}
 r - a potion of cancellation {unknown}


   Skills:
 - Level 3.0 Fighting
 + Level 5.4 Long Blades
 - Level 3.0 Dodging
 - Level 3.0 Shields
 + Level 3.4 Ice Magic


You couldn't memorise any spells.
You knew the following spells:

 Your Spells              Type           Power      Damage    Failure   Level
a - Ensorcelled Hibernat  Hex/Ice        6%         N/A       36%         2
b - Passwall              Erth           0%         N/A       82%         3

Your spell library contained the following spells:

 Spells                   Type           Power      Damage    Failure   Level
 Static Discharge         Conj/Air       0%         3-3/arc   58%         2
 Swiftness                Air            0%         N/A       82%         3
 Teleport Other           Tloc           0%         N/A       82%         3
 Airstrike                Air            0%         2d(0-16)  99%         4
 Summon Lightning Spire   Summ/Air       0%         N/A       99%         4
 Dispersal                Tloc           0%         N/A       100%        6
 Gell's Gavotte           Tloc           0%         2d(11-16) 100%        6


Dungeon Overview and Level Annotations

Branches:
Dungeon (3/15)              Sewer (visited)

Altars:

Shops:
D:3 *

Annotations:
D:3 EvilEddieB's ghost, amateur HuCj


Innate Abilities, Weirdness & Mutations

You cannot wear most types of armour.
You are amphibious.
You can wear up to eight rings at the same time.
Your skin changes colour to match your surroundings (Stealth+).
Your rubbery body absorbs attacks. (AC +1, EV +1)
((You are camouflaged when in or above water. (Stealth+)))
You have tentacles for arms and can constrict up to eight enemies at once.


Message History

There is a stone staircase leading up here.
Things that are here:
a +0 short sword; a kobold skeleton EvilEddieB's ghost turns its malevolent gaze towards you.
No reachable target in view!
No reachable target in view!
No reachable target in view!
Unknown command.
Okay, then.
You aren't carrying any items that you can evoke.
Unknown command.
As you open the door, it creaks loudly!
EvilEddieB's ghost gestures at you while chanting.
The magic dart hits you. You block EvilEddieB's ghost's attack.
There is an open translucent door here.
You barely miss EvilEddieB's ghost.
EvilEddieB's ghost gestures at you while chanting.
The magic dart hits you.
You hit EvilEddieB's ghost. You squeeze EvilEddieB's ghost.
EvilEddieB's ghost is moderately damaged.
You block EvilEddieB's ghost's attack.
You hit EvilEddieB's ghost. Your squeeze misses EvilEddieB's ghost.
EvilEddieB's ghost is moderately damaged.
EvilEddieB's ghost hits you. EvilEddieB's ghost freezes you.
You hit EvilEddieB's ghost but do no damage.
EvilEddieB's ghost is moderately damaged.
EvilEddieB's ghost hits you but does no damage.
Unknown command.
You hit EvilEddieB's ghost.
EvilEddieB's ghost is heavily damaged.
EvilEddieB's ghost hits you! EvilEddieB's ghost freezes you.
EvilEddieB's ghost hits you!
* * * LOW HITPOINT WARNING * * *
EvilEddieB's ghost freezes you.
* * * LOW HITPOINT WARNING * * *
It was a potion of invisibility.
You fade into invisibility!
EvilEddieB's ghost hits you.
You die...

#####.####........#####.####...#
# #............<##....#....###
## ###........>..#..........##
.# ##...#.......>.......(.....#
.###..##...###..........÷.....#
.....##...##⌠##...............#
...#.....##...##.............##
.###....##..?..##..#....#...##
## ##...#⌠..♣..W@.......#####
#...##..!..##..##.###
#####....##...##...##.#
......#...##⌠##...###.#
#####..>...###...## #.#
##..#.......## #.# ##........##
#.# ##########....#### #.#
.....####.#.....<####.#


You could see EvilEddieB's ghost (unable to see you).

Vanquished Creatures
  Pargi (Sewer)
  2 brain worms (Sewer)
  3 adders
  2 dart slugs
  A ribbon worm (D:2)
  2 orcs (D:3)
  8 bats
  3 endoplasms
  4 giant cockroaches
  4 goblins
  3 hobgoblins (D:2)
  7 kobolds
  3 quokkas
  A ball python (D:3)
  8 frilled lizards
  9 rats
61 creatures vanquished.

Notes
Turn   | Place    | Note
-------+----------+-------------------------------------------
     0 | D:1      | zenocrate the Octopode Fighter began the quest for the Orb.
     0 | D:1      | Reached XP level 1. HP: 16/16 MP: 1/1
   106 | D:1      | Reached XP level 2. HP: 21/21 MP: 2/2
   728 | D:2      | Reached skill level 3 in Long Blades
   743 | D:2      | Reached XP level 3. HP: 21/26 MP: 3/3
   843 | D:2      | Found a faded altar of an unknown god.
  1417 | D:3      | Learned a level 2 spell: Ensorcelled Hibernation
  1462 | D:3      | Reached skill level 4 in Long Blades
  1546 | D:3      | Found a runed translucent door.
  1550 | D:3      | Noticed EvilEddieB's ghost (amateur HuCj)
  1665 | D:3      | Reached XP level 4. HP: 26/31 MP: 4/4
  1757 | D:3      | Found Zauhefet's General Store.
  1825 | D:3      | Reached skill level 1 in Ice Magic
  1839 | D:3      | Found a glowing drain.
  1849 | Sewer    | Entered a sewer
  1902 | Sewer    | Noticed a brain worm
  1904 | Sewer    | Killed a brain worm
  1905 | Sewer    | Reached XP level 5. HP: 36/36 MP: 5/5
  1951 | Sewer    | Noticed Pargi
  2275 | Sewer    | Killed Pargi
  2276 | Sewer    | Reached skill level 5 in Long Blades
  2276 | Sewer    | Reached XP level 6. HP: 32/42 MP: 6/6
  2412 | Sewer    | Learned a level 3 spell: Passwall
  2601 | D:3      | Slain by EvilEddieB's ghost

Illustrated notes

Levels and vault maps discovered:
D:1:      ebering_hopf_link, layout_basic, serial_forest,
          infiniplex_forest_straight_4, infiniplex_forest_corner_1,
          infiniplex_forest_straight_2, infiniplex_forest_lined_3_way,
          infiniplex_forest_lined_1, infiniplex_forest_lined_1,
          dk_noncrumbling_3, minmay_misc_feat_x, minmay_crystal_room
D:2:      layout_rooms, shapermc_ecumenical_altar_mp_highgroup,
          wander_ebering_terrifying_dragon_lair
D:3:      layout_rooms, portal_sewer_entry_a, hellmonk_ghost_happy_afterlife,
          serial_shops, nicolae_shop_hallway_plus,
          chequers_serial_rivers_large_b

Skill      XL: |  1  2  3  4  5 |
---------------+----------------+-----
Long Blades    | 3 4 5 |  5.4
Ice Magic      | 2 3 |  3.4
Fighting       | |  3.0
Dodging        | |  3.0
Shields        | |  3.0

Action                     |  1- 3 |  4- 6 || total
---------------------------+-------+-------++-------
  Melee: Long sword        |    68 |    44 ||   112
         Constrict         |    20 |     6 ||    26
         Tentacles         |     9 |     7 ||    16
  Throw: Dart              |       |    13 ||    13
    Use: Scroll            |       |     3 ||     3
         Potion            |       |     2 ||     2
   Stab: Sleeping          |     5 |     7 ||    12
         Invisible         |       |     2 ||     2
 Armour: Skin              |    31 |    49 ||    80
  Dodge: Dodged            |    42 |    30 ||    72
  Block: Buckler           |    11 |    15 ||    26

Table legend: (Time is in decaauts)
 A = Elapsed time spent in this place.
 B = Non-inter-level travel time spent in this place.
 C = Inter-level travel time spent in this place.
 D = Time resting spent in this place.
 E = Time spent auto-exploring this place.
 F = Levels seen in this place.
 G = Mean time per level.
                   A        B        C        D        E       F      G
               +--------+--------+--------+--------+--------+-----+--------+
         Total |   2626 |   2548 |     78 |      0 |   1803 |   4 |  656.5 |
       Dungeon |   2045 |   1967 |     78 |      0 |   1609 |   3 |  681.7 |
         Sewer |    581 |    581 |      0 |      0 |    194 |   1 |  581.0 |
               +--------+--------+--------+--------+--------+-----+--------+

Top non-repeatable levels by time:
     D:1: 721 daAuts
     D:2: 698 daAuts
     D:3: 624 daAuts
   Sewer: 581 daAuts
